 Dungeon Crawl Stone Soup version 0.31.0-1-g2c135a008e (webtiles) character file.

Game seed: 6999856938085765151

133 qw the Shooter (level 5, -2/40 HPs)
             Began as a Djinni Hunter on Jan 23, 2024.
             Slain by a water moccasin (8 damage)
             ... on level 3 of the Dungeon.
             The game lasted 00:00:08 (2367 turns).

qw the Shooter (Djinni Hunter)                      Turns: 2367, Time: 00:00:09

Health: -2/40      AC:  3    Str:  9 (10) XL:     5   Next: 39%
Gold:   176        EV: 10    Int:  8 (10) God:
                   SH:  0    Dex: 19

rFire   + + .        a - +0 shortbow
rCold   x . .        (shield currently unavailable)
rNeg    + . .        i - +0 ring mail
rPois   inf          (no helmet)
rElec   +            (no cloak)
rCorr   .            d - +0 pair of gloves
SInv    .            (boots unavailable)
Will    .....        (no amulet)
Stlth   +            f - ring of positive energy
HPRegen 0.26/turn    (no ring)
MPRegen 0.00/turn

%: infuse magic (-3 HP)
@: flying
A: sickness immunity, fire resistance 2, cold vulnerability 1, float, innate
caster, HP casting, extra vitality 1, deformed body, electricity resistance
a: no special abilities


You were on level 3 of the Dungeon.
You visited 1 branch of the dungeon, and saw 4 of its levels.

You collected 176 gold pieces.


Innate Abilities, Weirdness & Mutations

You are immune to sickness and miasma.
You are immune to poison.
Your flesh is very heat resistant. (rF++)
You are vulnerable to cold. (rC-)
You float through the air rather than walking.
You learn spells naturally, not from books.
Your magical power is your life essence.
You have superior vitality. (+4 MHP)
Armour fits poorly on your strangely shaped body.
You are resistant to electric shocks. (rElec)


   Skills:
 - Level 3.3 Fighting
 + Level 4.5 Ranged Weapons
 - Level 1.1 Armour
 - Level 2.1 Dodging
 - Level 0.7 Stealth


You knew the following spells:

 Your Spells              Type           Power      Damage    Failure   Level
a - Summon Small Mammal   Summ           0%         N/A       77%         1
b - Mercury Vapours       Alch/Air       0%         N/A       88%         2
Your spell library was empty.

Inventory:

Hand Weapons
 a - a +0 shortbow (weapon)
Armour
 d - a +0 pair of gloves (worn)
 i - a +0 ring mail (worn)
Jewellery
 f - a ring of positive energy (left hand)
Potions
 c - a potion of berserk rage {unknown}
 e - a potion of haste {unknown}
 h - a potion of curing {unknown}
 j - a potion of lignification {unknown}
 l - a potion of resistance

Dungeon Overview and Level Annotations

Branches:
Dungeon (4/15)
 Temple: D:4-7

Altars:

Shops:
D:3 (


Message History

There is a stone staircase leading up here.
2355 ||| STAIRDANCE The water moccasin closely misses you.
You fly upwards.
There is a stone staircase leading down here.
You shoot an arrow.
The arrow barely misses the water moccasin.
The water moccasin bites you but does no damage.
The water moccasin bites you.
You shoot an arrow. The arrow hits the water moccasin.
The water moccasin is lightly wounded.
The water moccasin bites you. x2
You shoot an arrow.
The arrow closely misses the water moccasin.
The water moccasin closely misses you. The water moccasin bites you.
You shoot an arrow. The arrow hits the water moccasin.
The water moccasin is moderately wounded.
The water moccasin bites you! The water moccasin bites you.
You shoot an arrow.
The arrow closely misses the water moccasin.
The water moccasin closely misses you. x2
You shoot an arrow. The arrow misses the water moccasin.
The water moccasin bites you! The water moccasin bites you.
You shoot an arrow.
The arrow closely misses the water moccasin.
The water moccasin barely misses you.
You shoot an arrow. The arrow misses the water moccasin.
The water moccasin barely misses you.
The water moccasin bites you but does no damage.
You shoot an arrow. The arrow hits the water moccasin!
The water moccasin is heavily wounded.
The water moccasin barely misses you.
The water moccasin completely misses you.
You shoot an arrow. The arrow hits the water moccasin.
The water moccasin is heavily wounded.
The water moccasin bites you. The water moccasin closely misses you.
You shoot an arrow.
The arrow barely misses the water moccasin.
The water moccasin bites you!
You die...

###.##..##......# #......#
....##..##......###......#
######...#......#........#
#.#........#.#......#
#.###......#.######## #.#
#......#.# #.# #........#
#.# #####+#.## #.# #.S@#
#.# ###.# #.# #.# #.# #.#
#.# #.# #.# #.# #.#####
#.# #.....# #.# #####.#
#.#


You could see a water moccasin.

Vanquished Creatures
  A bombardier beetle (D:3)
  4 adders
  3 dart slugs
  An orc (D:3)
  2 endoplasms (D:3)
  3 giant cockroaches
  4 goblins
  8 hobgoblins
  6 kobolds
  3 quokkas
  10 ball pythons
  6 bats
  4 frilled lizards
  2 rats (D:1)
57 creatures vanquished.

Notes
Turn   | Place    | Note
-------+----------+-------------------------------------------
     0 | D:1      | qw the Djinni Hunter began the quest for the Orb.
     0 | D:1      | Reached XP level 1. HP: 18/18 MP: 0/0
     0 | D:1      | 0 ||| qw: Version: 0.3-a-135-gb77e89d
     0 | D:1      | 0 ||| qw: Game counter: 879
     0 | D:1      | 0 ||| qw: Melee chars always use a shield: true
     0 | D:1      | 0 ||| qw: God list: Okawaru
     0 | D:1      | 0 ||| qw: Allow faded altars: false
     0 | D:1      | 0 ||| qw: Do Orc after clearing Dungeon:15 true
     0 | D:1      | 0 ||| qw: Do second Lair branch before Depths: true
     0 | D:1      | 0 ||| qw: Lair rune preference: random
     0 | D:1      | 0 ||| qw: Goals: Normal
     0 | D:1      | 0 ||| PLANNING D:1-11
   319 | D:1      | Reached XP level 2. HP: 23/23 MP: 0/0
   665 | D:1      | 665 ||| UPGRADING to +0 pair of gloves.
   670 | D:1      | 670 ||| UPGRADING to +0 ring mail.
   680 | D:1      | 680 ||| DROPPING +0 leather armour.
   681 | D:1      | 681 ||| UPGRADING to ring of positive energy.
   682 | D:1      | 682 ||| READING scroll labelled BUMNUO QAOQEU.
   683 | D:1      | 683 ||| READING scroll labelled NITHAL OKHLELA.
   684 | D:1      | 684 ||| READING scroll labelled UDDI MUEHAYRPHO.
   689 | D:1      | 689 ||| DRINKING 2 fizzy inky potions.
   689 | D:1      | Gained mutation: You are very vulnerable to cold. (rC--)
                  | [potion of mutation]
   689 | D:1      | Gained mutation: You are weak. (Str -2) [potion of
                  | mutation]
   689 | D:1      | Lost mutation: You are weak. (Str -2) [potion of mutation]
   690 | D:1      | 690 ||| DRINKING potion of mutation.
   690 | D:1      | Lost mutation: You are very vulnerable to cold. (rC--)
                  | [potion of mutation]
   690 | D:1      | Gained mutation: Armour fits poorly on your strangely
                  | shaped body. [potion of mutation]
   690 | D:1      | Gained mutation: You are resistant to electric shocks.
                  | (rElec) [potion of mutation]
   691 | D:1      | 691 ||| DROPPING scroll of butterflies.
   714 | D:2      | Reached XP level 3. HP: 28/28 MP: 0/0
   714 | D:2      | Learned a level 1 spell: Summon Small Mammal
   817 | D:2      | Found a faded altar of an unknown god.
   855 | D:2      | Reached skill level 1 in Armour
  1005 | D:2      | Reached skill level 4 in Ranged Weapons
  1394 | D:2      | Reached XP level 4. HP: 33/33 MP: 0/0
  1506 | D:2      | 1506 ||| READING scroll labelled GANAME MESIRGHO.
  1506 | D:2      | 1506 ||| IDENTIFYING black potion
  1507 | D:2      | 1507 ||| READING scroll labelled NEYBAKHL GUDYEV.
  1508 | D:2      | 1508 ||| DRINKING 3 orange potions.
  1509 | D:2      | 1509 ||| DRINKING 2 sedimented silvery potions.
  1510 | D:2      | 1510 ||| DROPPING potion of magic.
  1511 | D:2      | 1511 ||| DROPPING 2 potions of degeneration.
  1708 | D:3      | Reached skill level 3 in Fighting
  1791 | D:3      | Found Edatoeci's Antique Weapon Boutique.
  1823 | D:3      | Reached XP level 5. HP: 35/40 MP: 0/0
  1823 | D:3      | Learned a level 2 spell: Mercury Vapours
  2162 | D:3      | 2162 ||| READING scroll labelled SIQYFY USIEBA.
  2187 | D:4      | 2187 ||| STAIRDANCE
  2223 | D:4      | HP: 6/40 [ribbon worm (8)]
  2224 | D:4      | 2224 ||| READING scroll of teleportation.
  2226 | D:4      | Noticed a water moccasin
  2227 | D:4      | 2227 ||| FLEEEEING.
  2228 | D:4      | 2228 ||| FLEEEEING.
  2229 | D:4      | 2229 ||| FLEEEEING.
  2230 | D:4      | 2230 ||| FLEEEEING.
  2231 | D:4      | 2231 ||| STAIRDANCE
  2355 | D:4      | 2355 ||| STAIRDANCE
  2362 | D:3      | HP: 10/40 [water moccasin (5)]
  2367 | D:3      | Slain by a water moccasin

Levels and vault maps discovered:
D:1:      evilmike_arrival_rings, layout_loops_ring
D:2:      layout_basic, shapermc_ecumenical_altar_starsandcircs,
          chequers_serial_rivers_micro_d
D:3:      layout_basic, serial_shops, shop
D:4:      layout_rooms, nicolae_wormholes, uniq_duvessa

Skill      XL: |  1  2  3  4 |
---------------+-------------+-----
Armour         | 1 |  1.1
Ranged Weapons | 4 |  4.5
Fighting       | 3 |  3.3
Dodging        | |  2.1
Stealth        | |  0.7

Action                     |  1- 3 |  4- 6 || total
---------------------------+-------+-------++-------
   Fire: Shortbow          |    90 |   106 ||   196
    Use: Scroll            |     3 |     4 ||     7
         Potion            |     2 |     2 ||     4
 Armour: Leather armour    |     3 |       ||     3
         Ring mail         |    13 |    57 ||    70
  Dodge: Dodged            |    21 |    50 ||    71

Table legend:
 A = Non-vault XP
 B = Vault XP
 C = Vault XP percentage of total XP
 D = Non-vault monster count
 E = Vault monster count
 F = Vault count percentage of total count
                 A         B        C        D         E       F
            +---------+---------+-------+---------+---------+-------
      Total |     190 |       0 |   0.0 |      57 |       0 |   0.0
            +---------+---------+-------+---------+---------+-------
        D:1 |      28 |       0 |   0.0 |      18 |       0 |   0.0
        D:2 |      41 |       0 |   0.0 |      14 |       0 |   0.0
        D:3 |     119 |       0 |   0.0 |      24 |       0 |   0.0
        D:4 |       2 |       0 |   0.0 |       1 |       0 |   0.0
            +---------+---------+-------+---------+---------+-------
